[Event "*** Titled Tuesday Blitz"]
[Site "Chess.com"]
[Date "2019.09.03"]
[Round "1"]
[White "HouseOfDurin"]
[Black "Gentlejimmy7"]
[Result "0-1"]
[WhiteElo "1922"]
[BlackElo "2520"]
[TimeControl "180+2"]
[EndTime "15:07:40 PDT"]
[Termination "Gentlejimmy7 won by resignation"]

1. c4 Nf6 2. Nc3 d5 3. cxd5 Nxd5 4. g3 g6 5. Bg2 Nxc3 6. bxc3 Bg7 7. d4 O-O 8. Nf3 c5 9. h4 Nc6 10. Bb2 Bg4 11. Qd2 Qa5 12. e3 Rfd8 13. d5 e6 14.
e4 exd5 15. exd5 c4 16. Rd1 Ne5 17. Nxe5 Bxd1 18. Nxc4 Qa6 19. Kxd1 Qxc4 20. Kc2 Rac8 21. Rd1 b5 22. Qd3 Qa4+ 23. Kb1 Bxc3 24. Bxc3 Rxc3 25. Qxc3 Qxd1+ 26. Kb2 Qe2+ 27. Qc2 Qxc2+ 28. Kxc2 Kf8 29. Kb3 a5 30. Kc3 Ke7 31. Kd4 Kd6 32. Be4 Rc8 33. Bd3 Rc5 34. Be4 b4 35. g4 a4 36. f4 b3 37. axb3 axb3 38. h5 b2 39. h6 Rc1 40.
f5 b1=B 41. Bxb1 Rxb1 42. fxg6 fxg6 0-1

[Event "*** Titled Tuesday Blitz"]
[Site "Chess.com"]
[Date "2019.09.03"]
[Round "1"]
[White "ChristopherYoo"]
[Black "novocane"]
[Result "1-0"]
[WhiteElo "2585"]
[BlackElo "2199"]
[TimeControl "180+2"]
[EndTime "15:07:49 PDT"]
[Termination "ChristopherYoo won by resignation"]

1. e4 c5 2. Nf3 Nc6 3. Nc3 e5 4. Bc4 Be7 5. d3 d6 6. Nd2 Bg5 7. Nf1 Bxc1 8. Qxc1 Nf6 9. Ne3 O-O 10.
O-O Nd4 11. f4 Rb8 12. fxe5 dxe5 13. Ned5 b5 14. Nxf6+ gxf6 15. Qh6 bxc4 16. Nd5 Rb6 17. Nxf6+ Rxf6 18. Rxf6 cxd3 19. cxd3 Ne2+ 20. Kh1 Qxd3 21.
Qg5+ Kh8 22. Rf2 Nf4 23. Qxe5+ f6 24. Qxf4 Be6 25. Qh6 Rg8 26. Qxf6+ Rg7 27. Qxe6 1-0

[Event "*** Titled Tuesday Blitz"]
[Site "Chess.com"]
[Date "2019.09.03"]
[Round "1"]
[White "kuli4ik"]
[Black "a_kandil"]
[Result "1-0"]
[WhiteElo "2794"]
[BlackElo "2406"]
[TimeControl "180+2"]
[EndTime "15:07:52 PDT"]
[Termination "kuli4ik won by checkmate"]

1. Nf3 c5 2. g3 Nc6 3. Bg2 g6 4. O-O Bg7 5. c3 Nf6 6. d4 cxd4 7. cxd4 d5 8. Ne5 Ne4 9. Nxc6 bxc6 10.
Be3 O-O 11. Nd2 Nxd2 12. Qxd2 Qb6 13. Rac1 a5 14. Rc5 Ba6 15. Rfc1 Bb5 16. Bf1 Rfc8 17. Bh6 Qb7 18. Bxg7 Kxg7 19. Qc3 a4 20. Bg2 e6 21.
e3 Bc4 22. Qa3 Rcb8 23. R1xc4 dxc4 24. Bxc6 Qa7 25. Bxa8 Qxa8 26. Rxc4 Qb7 27. Rxa4 Qe4 28. d5 Qxd5 29. Rd4 Qf5 30. Qc3 Kg8 31. Rd1 h5 32. h4 Qf3 33. Rd4 Qb7 34. b4 Rc8 35.
Qd2 Kh7 36. a4 Rc7 37. b5 Qc8 38. Kg2 Rc2 39. Qd3 Ra2 40. Rc4 Qa8+ 41. Qe4 Qd8 42. Rd4 Qa5 43. Rd7 Rxa4 44. Rxf7+ Kh6 45. Qe5 Qa8+ 46.
Kh2 Rg4 47. Qg7# 1-0

[Event "*** Titled Tuesday Blitz"]
[Site "Chess.com"]
[Date "2019.09.03"]
[Round "1"]
[White "Last7Samurai"]
[Black "Cukiero"]
[Result "1/2-1/2"]
[WhiteElo "2775"]
[BlackElo "2411"]
[TimeControl "180+2"]
[EndTime "15:07:53 PDT"]
[Termination "Game drawn - insufficient material"]

1. d4 Nf6 2. Bg5 e6 3. e4 h6 4. Bxf6 Qxf6 5. c3 g6 6. Bd3 Bg7 7. Ne2 b6 8. O-O Bb7 9. f4 d6 10. Nd2 Nd7 11. e5 Qe7 12. Be4 Bxe4 13. Nxe4 d5 14. Nf2 f5 15. exf6 Nxf6 16. Qd3 Qf7 17. Qb5+ Qd7 18. Qxd7+ Kxd7 19. Nd3 Ne4 20. Ng3 Nxg3 21.
hxg3 Rhf8 22. a4 a5 23. Rae1 Kd6 24. g4 c5 25. Ne5 Bxe5 26. dxe5+ Kc6 27. g3 h5 28.
gxh5 gxh5 29. Kg2 Rf5 30. Rh1 Rg8 31. Rh4 b5 32. axb5+ Kxb5 33. Kf3 Kc4 34. Re2 Kb3 35. Reh2 a4 36. R4h3 c4 37. Ke3 a3 38. bxa3 Kxc3 39. Rxh5 Rxg3+ 40. Kf2 Rxh5 41. Rxh5 Rg6 42. Rg5 Rh6 43. f5 exf5 44. Rxf5 Re6 45. Ke3 d4+ 46.
Ke4 d3 47. Rf3 Kc2 48. Kd5 Re8 49. Kxc4 d2 50. Rc3+ Kb2 51. Rd3 Rc8+ 52. Kb5 Kc2 53. Rxd2+ Kxd2 54. a4 Re8 55. a5 Rxe5+ 56. Kb6 Kc3 57.
a6 Kb4 58. a7 Re6+ 59. Kb7 Re7+ 60. Kb8 Rxa7 61. Kxa7 1/2-1/2

[Event "*** Titled Tuesday Blitz"]
[Site "Chess.com"]
[Date "2019.09.03"]
[Round "1"]
[White "Chigorinetz"]
[Black "MarshKnight"]
[Result "1-0"]
[WhiteElo "2572"]
[BlackElo "2184"]
[TimeControl "180+2"]
[EndTime "15:07:53 PDT"]
[Termination "Chigorinetz won by resignation"]

1. e4 e6 2. d4 d5 3. Nd2 Nc6 4. Ngf3 Nf6 5. e5 Nd7 6. c3 f6 7. exf6 Qxf6 8. Bb5 Bd6 9. Nf1 O-O 10. Ng3 e5 11. Be3 e4 12. Nd2 Bf4 13. O-O Qh6 14. Qe2 Nf6 15. Bxf4 Qxf4 16. Qe3 Qh4 17.
f3 exf3 18. Nxf3 Qg4 19. Bxc6 bxc6 20. Rae1 Ba6 21. Ne5 Qh4 22. Rf4 Qh6 23. Nxc6 Rae8 24. Ne5 Rb8 25. b4 Rfe8 26. Nf5 Qh5 27. Qg3 g6 28.
Ref1 Ne4 29. Rxe4 dxe4 30. Ng4 Rf8 31. Qe5 Rxf5 32. Rxf5 Qxg4 33. Qe6+ Kg7 34. Rf7+ Kh6 35. Qxg4 1-0

[Event "*** Titled Tuesday Blitz"]
[Site "Chess.com"]
[Date "2019.09.03"]
[Round "1"]
[White "Jbd735"]
[Black "eljanov"]
[Result "0-1"]
[WhiteElo "2472"]
[BlackElo "2911"]
[TimeControl "180+2"]
[EndTime "15:07:57 PDT"]
[Termination "eljanov won by resignation"]

1. d4 Nf6 2. Bf4 c5 3. c3 Qb6 4.
Qb3 cxd4 5. Qxb6 axb6 6. cxd4 Nc6 7. Nf3 Nb4 8. Na3 Rxa3 9. bxa3 Nc2+ 10. Kd1 Nxa1 11.
Kc1 Ne4 12. Be3 d5 13. Kb2 e6 14. Kxa1 Bxa3 15. Nd2 Bd7 16. Nxe4 dxe4 17. Bd2 Ke7 18. e3 Rc8 19. Be2 Rc2 20. Rd1 Ba4 21. Bf1 b5 22.
Be1 Rxf2 23. Bxf2 Bxd1 24. Bxb5 Bc2 25. Be1 f5 26. Bd2 g5 27. Bc4 h5 28. Bb3 Bxb3 29. axb3 Bd6 30. h3 f4 31. Kb2 f3 32. gxf3 exf3 33. Be1 g4 34. hxg4 hxg4 35.
Bh4+ Kf7 36. e4 g3 37. e5 Bxe5 38. dxe5 f2 0-1

[Event "*** Titled Tuesday Blitz"]
[Site "Chess.com"]
[Date "2019.09.03"]
[Round "1"]
[White "KhalilMousavi77"]
[Black "WPWPWP-2015"]
[Result "1-0"]
[WhiteElo "2816"]
[BlackElo "2421"]
[TimeControl "180+2"]
[EndTime "15:07:57 PDT"]
[Termination "KhalilMousavi77 won by resignation"]

1. c4 e5 2. Nc3 Nf6 3. Nf3 Nc6 4. e4 Bc5 5. Nxe5 Nxe5 6. d4 Bd6 7. c5 Bxc5 8. dxc5 Nc6 9. Be3 O-O 10. Bd3 b6 11. cxb6 axb6 12. O-O d6 13. Bg5 h6 14. Bh4 g5 15. Bg3 Ne5 16. Be2 Ng6 17. f4 Bb7 18.
fxg5 hxg5 19. Qd4 Nd7 20. Bh5 Nde5 21. Rf5 Bc8 22. Rff1 Be6 23. h3 c5 24. Qd2 Kg7 25.
Rad1 Nc4 26. Qe2 Nce5 27. Bxg6 Nxg6 28. Bxd6 Qe8 29. Qf2 Rh8 30. Qf6+ Kg8 31. Qxg5 Bc4 32. Rf6 Rh7 33. b3 Be6 34. Rdf1 Rg7 35. Qh6 Rh7 36. Qe3 Rd8 37. e5 Rg7 38. Ne4 Bd5 39. Re6 Qxe6 40.
Nf6+ Qxf6 41. exf6 Rxd6 42. Qe8+ Nf8 43. fxg7 Kxg7 44.
Qe5+ 1-0

[Event "*** Titled Tuesday Blitz"]
[Site "Chess.com"]
[Date "2019.09.03"]
[Round "1"]
[White "Kumi29"]
[Black "1stSecond"]
[Result "1-0"]
[WhiteElo "2490"]
[BlackElo "2798"]
[TimeControl "180+2"]
[EndTime "15:08:02 PDT"]
[Termination "Kumi29 won by resignation"]

1. d4 Nf6 2. Bg5 g6 3. Bxf6 exf6 4. c4 d5 5. cxd5 Qxd5 6. Nc3 Qa5 7. e3 Bd6 8. g3 h5 9. h4 O-O 10. Bg2 Re8 11. Ne2 c6 12. O-O Bg4 13. a3 Qb6 14. b4 a5 15. b5 cxb5 16. Nd5 Qd8 17. Qd3 Bd7 18. Nec3 Bc6 19. Nxb5 Na6 20. Rab1 Bxg3 21.
Nxf6+ Qxf6 22. fxg3 Qe7 23. d5 Bxb5 24. Rxb5 Rad8 25.
e4 Nc5 26. Qd4 Nxe4 27. Bxe4 Qxe4 28. Qxe4 Rxe4 29. Rxb7 f5 30. Rc1 Re3 31. Kf2 Rd3 32.
Rcc7 R3xd5 33. Rg7+ Kf8 34. Rh7 Rd2+ 35. Kf3 Kg8 36.
Kf4 R2d4+ 37. Kg5 R8d6 38. Rhc7 Rg4+ 39. Kh6 Rd8 40. Rg7+ Kf8 41. Rh7 1-0

[Event "*** Titled Tuesday Blitz"]
[Site "Chess.com"]
[Date "2019.09.03"]
[Round "1"]
[White "laboratorio25"]
[Black "LiamVrolijk"]
[Result "0-1"]
[WhiteElo "2397"]
[BlackElo "2763"]
[TimeControl "180+2"]
[EndTime "15:08:05 PDT"]
[Termination "LiamVrolijk won by resignation"]

1. e4 e5 2. Nf3 Nc6 3. Bb5 a6 4. Ba4 Nf6 5. O-O Bc5 6. c3 b5 7.
Bb3 d6 8. d4 Bb6 9. h3 h6 10. Re1 O-O 11. a4 Rb8 12. Na3 Re8 13. d5 Ne7 14. axb5 axb5 15. Nxb5 Ng6 16. Na7 Bd7 17. Nc6 Bxc6 18. dxc6 Nh5 19. Be3 Bxe3 20. fxe3 Nf6 21. Nd2 Ne7 22. Rf1 Nxc6 23. Ba4 Rb6 24. b4 Rf8 25. Nc4 Ra6 26. b5 Rxa4 27. Rxa4 Ne7 28.
Qd3 Nd7 29. Ra7 Nc5 30. Qc2 Nc8 31. Ra8 Qh4 32. Nd2 Qg3 33. Rf3 Qe1+ 34. Kh2 Nb6 35.
Rxf8+ Kxf8 36. Nb3 Ne6 37. Qa2 Ng5 38. Rf2 Qxe3 39.
Re2 Qf4+ 40. Kg1 Nxe4 41. Qc2 f5 42. Qd3 Qg3 43. Qxg3 Nxg3 44. Rf2 f4 45. Nd2 g5 46.
c4 e4 47. Nf1 e3 48. Rc2 e2 49. Nxg3 e1=Q+ 0-1

[Event "*** Titled Tuesday Blitz"]
[Site "Chess.com"]
[Date "2019.09.03"]
[Round "1"]
[White "chessdjw"]
[Black "ChristianAlm"]
[Result "1-0"]
[WhiteElo "2691"]
[BlackElo "2321"]
[TimeControl "180+2"]
[EndTime "15:08:05 PDT"]
[Termination "chessdjw won by checkmate"]

1. d4 Nf6 2. c4 g6 3. g3 d5 4. cxd5 Qxd5 5. Nf3 c5 6. Nc3 Qd8 7. Bg2 Bg7 8. O-O cxd4 9. Qxd4 O-O 10. Rd1 Qxd4 11. Nxd4 Nbd7 12. Be3 Ne5 13. Ndb5 Bf5 14. Bxb7 Rab8 15. Ba6 Nc6 16. a3 Bc2 17. Rdc1 Bf5 18. b4 Ng4 19. Bc5 Rfd8 20. Rd1 Re8 21. Rac1 Rbd8 22.
Rxd8 Rxd8 23. Nxa7 Nxa7 24. Bxa7 Bxc3 25. Rxc3 Rd1+ 26.
Kg2 h5 27. f3 Nf6 28. e4 Be6 29. b5 Rd2+ 30. Bf2 g5 31. b6 g4 32. b7 gxf3+ 33. Kxf3 Rb2 34. Rc8+ Kg7 35. b8=Q Bg4+ 36. Ke3 Ra2 37.
Be1 Rxa3+ 38. Bc3 e5 39. Qxe5 Kh7 40. Rh8+ Kxh8 41. Qxf6+ Kh7 42. Qg7# 1-0

[Event "*** Titled Tuesday Blitz"]
[Site "Chess.com"]
[Date "2019.09.03"]
[Round "1"]
[White "Gubajdullin"]
[Black "Jenia84"]
[Result "1-0"]
[WhiteElo "2612"]
[BlackElo "2244"]
[TimeControl "180+2"]
[EndTime "15:08:08 PDT"]
[Termination "Gubajdullin won by resignation"]

1. d4 Nf6 2. Bf4 e6 3. e3 d5 4.
Nf3 Bd6 5. Bg3 O-O 6. Bd3 c5 7.
c3 Nc6 8. Nbd2 Qc7 9. dxc5 Bxg3 10. hxg3 e5 11. e4 dxe4 12. Nxe4 Nxe4 13. Bxe4 h6 14. Qc2 f5 15. Bd5+ Kh8 16. Nh4 Rf6 17. g4 Ne7 18. Bb3 fxg4 19. O-O-O Be6 20. Rd6 Bxb3 21.
Qxb3 Rxd6 22. cxd6 Qxd6 23. Qxb7 Rd8 24. a3 Qd2+ 25.
Kb1 Qd3+ 26. Ka1 Ng6 27. Nxg6+ Qxg6 28. Qxa7 Qf6 29. Qe3 Qc6 30. Qxe5 Rd2 31. Qe3 Qd5 32. Rc1 Rd3 33. Qe8+ Kh7 34. g3 Rd2 35. Qe3 Rd3 36.
Qf4 Rf3 37. Qxg4 Rxf2 38. Qd4 Qf3 39. Rd1 Qg2 40. Qd3+ Kh8 41. Qd8+ Kh7 42. Qd3+ Kh8 43. Qg6 Rf1 44. Rxf1 Qxf1+ 45. Qb1 Qf2 46. g4 Qg3 47. Qf5 Qg1+ 48. Ka2 Qa7 49. c4 Qa4 50. Qe6 Kh7 51. c5 g6 52. c6 1-0

[Event "*** Titled Tuesday Blitz"]
[Site "Chess.com"]
[Date "2019.09.03"]
[Round "1"]
[White "jlucasvf"]
[Black "saraswathii"]
[Result "1-0"]
[WhiteElo "2668"]
[BlackElo "2305"]
[TimeControl "180+2"]
[EndTime "15:08:09 PDT"]
[Termination "jlucasvf won by checkmate"]

1. e4 c5 2. Nf3 e6 3. d4 cxd4 4. Bg5 Qb6 5. Qxd4 Nc6 6. Qxb6 axb6 7. c3 h6 8. Bh4 Bc5 9. Nbd2 Nge7 10. Bg3 Ng6 11.
b4 Be7 12. Nc4 Bd8 13. Nd6+ Ke7 14. Bb5 h5 15. h4 Na7 16. Be2 Nc6 17. O-O Rf8 18.
Rfd1 Bc7 19. Rd2 Rg8 20. Rad1 Bxd6 21. Bxd6+ Ke8 22. Nd4 Nxd4 23. cxd4 Nxh4 24. g3 Ng6 25. Bxh5 Rh8 26. Be2 Ne7 27. b5 Ng6 28. Rc2 Kd8 29. Rdc1 Re8 30. f4 Nh8 31. Bh5 g6 32. Be2 f6 33. e5 f5 34. Bc7+ Ke7 35. Bxb6 d6 36. Rc7+ Bd7 37. Rxd7+ Kxd7 38. Rc7+ Kd8 39. exd6 Rf8 40.
Rf7+ Ke8 41. Re7# 1-0

[Event "*** Titled Tuesday Blitz"]
[Site "Chess.com"]
[Date "2019.09.03"]
[Round "1"]
[White "KL31"]
[Black "jefferyx"]
[Result "1/2-1/2"]
[WhiteElo "2509"]
[BlackElo "2948"]
[TimeControl "180+2"]
[EndTime "15:08:14 PDT"]
[Termination "Game drawn by repetition"]

1. d4 Nf6 2. Nf3 g6 3. c4 Bg7 4.
Nc3 d5 5. Qb3 dxc4 6. Qxc4 Na6 7. e4 c5 8. d5 O-O 9. Be2 e6 10. O-O exd5 11. exd5 Re8 12. Rd1 Bd7 13. Be3 Ng4 14. Bf4 Qb6 15. Rd2 Qa5 16. h3 b5 17.
Nxb5 Rxe2 18. Qxe2 Bxb5 19. Qe7 Nf6 20. Ng5 Be8 21. d6 Qd8 22. Qb7 Nb4 23. Rad1 h6 24. d7 hxg5 25. Bc7 Bxd7 26. Bxd8 Bc6 27. Qc7 Ne4 28. Rd7 Bxd7 29. Rxd7 Bd4 30. Rxf7 Rxd8 31.
Qxd8+ Kxf7 32. Qd7+ Kf6 33. Qd8+ Kf7 34. Qd7+ Kf6 35.
Qd8+ Ke5 36. Qe7+ Kd5 37. Qb7+ Ke5 38. Qe7+ Kf5 39. Qd7+ Kf6 1/2-1/2

[Event "*** Titled Tuesday Blitz"]
[Site "Chess.com"]
[Date "2019.09.03"]
[Round "1"]
[White "TomPolgar"]
[Black "bascheyaro"]
[Result "0-1"]
[WhiteElo "2322"]
[BlackElo "2696"]
[TimeControl "180+2"]
[EndTime "15:08:14 PDT"]
[Termination "bascheyaro won by resignation"]

1. e4 e6 2. d4 d5 3. Nd2 c5 4.
Ngf3 Nc6 5. exd5 exd5 6. Bb5 c4 7.
O-O Bd6 8. Re1+ Ne7 9. Nf1 O-O 10. Bg5 f6 11. Bh4 Bg4 12. c3 Nf5 13. Bg3 Nxg3 14. hxg3 Ne7 15. Ba4 a6 16. Bc2 b5 17. Ne3 Bh5 18.
Nf5 Nxf5 19. Bxf5 Bf7 20. Qc2 g6 21. Be6 Re8 22. Bxf7+ Kxf7 23. Qd2 Kg7 24. a4 Rxe1+ 25. Qxe1 Kf7 26. Qc1 b4 27. Qh6 Kg8 28. Re1 bxc3 29.
bxc3 Qd7 30. Nh4 Bf8 31. Qe3 Kf7 32. Nf3 Rb8 33. a5 Re8 34. Qd2 Rxe1+ 35. Qxe1 Qb5 36. Qd2 Qxa5 37. Qf4 Kg7 38. Qb8 Qxc3 39. Qb7+ Kh6 40.
Qxd5 Qc1+ 41. Kh2 c3 42. Qf7 Qa3 43. Qc4 Bd6 44. d5 Qb4 45. Qd3 Qc5 46. Nd4 Qxd5 47.
Qe3+ Kg7 48. Ne6+ Kg8 49. Nd8 c2 50. Qe8+ Kg7 51. Ne6+ Kh6 52. Qc8 Qh5+ 53. Kg1 Qd1+ 54. Kh2 c1=Q 55. Qf8+ Bxf8 0-1

[Event "*** Titled Tuesday Blitz"]
[Site "Chess.com"]
[Date "2019.09.03"]
[Round "1"]
[White "bubacik"]
[Black "HKBurwell"]
[Result "1-0"]
[WhiteElo "2704"]
[BlackElo "2343"]
[TimeControl "180+2"]
[EndTime "15:08:26 PDT"]
[Termination "bubacik won by resignation"]

1. d4 Nf6 2. Nf3 d5 3. c4 e6 4.
Nc3 Be7 5. cxd5 exd5 6. Bg5 c6 7. Qc2 O-O 8. e3 Nbd7 9. Bd3 Re8 10. h3 Ne4 11. Bf4 f5 12. O-O Ndf6 13. Ne5 Be6 14. f3 Nd6 15. Rad1 Nh5 16. Bh2 Bg5 17. f4 Bh4 18. g4 Ng3 19. Bxg3 Bxg3 20. gxf5 Bc8 21. Kh1 Qh4 22. Kg2 Qh5 23. Kxg3 Bxf5 24. Qg2 Re6 25.
Kh2 Rh6 26. Rf3 Rf8 27. Rg1 g6 28. Be2 Ne4 29. Rg3 Qh4 30. Nxe4 Bxe4 31. Qf2 Kh8 32. Ng4 Rh5 33. Ne5 Rhf5 34. Bg4 R5f6 35. Bf3 Rf5 36. Bxe4 dxe4 37. Qg2 Rh5 38. Rxg6 1-0

[Event "*** Titled Tuesday Blitz"]
[Site "Chess.com"]
[Date "2019.09.03"]
[Round "1"]
[White "Mazanchenko_Dmitry"]
[Black "popov_m"]
[Result "0-1"]
[WhiteElo "2230"]
[BlackElo "2614"]
[TimeControl "180+2"]
[EndTime "15:08:27 PDT"]
[Termination "popov_m won by resignation"]

1. e4 c5 2. Ne2 d6 3. Nbc3 a6 4. a4 Nc6 5. g3 g6 6. d4 cxd4 7.
Nxd4 Bg7 8. Be3 Nf6 9. Bg2 O-O 10.
Nxc6 bxc6 11. e5 dxe5 12. Bxc6 Rb8 13. Qxd8 Rxd8 14. Rd1 Rxd1+ 15. Nxd1 Bf5 16. c3 Bd3 17. b4 Ne4 18. Nb2 Bc2 19. Bxe4 Bxe4 20. O-O e6 21. f3 Bc6 22. Rc1 Bxf3 23. Bc5 Bc6 24. a5 e4 25. Nc4 Rd8 26. Kf2 Rd3 27. Nd6 Bxc3 28. Ke2 Bf6 29. Nc8 Bb5 30. Kf2 Rd2+ 31. Ke3 Bg5+ 32. Kxe4 Re2+ 33.
Kf3 Bxc1 34. Nd6 Rxh2 35. Nxb5 axb5 36. a6 Ra2 37. a7 f5 38. g4 Kf7 39. gxf5 gxf5 0-1

[Event "*** Titled Tuesday Blitz"]
[Site "Chess.com"]
[Date "2019.09.03"]
[Round "1"]
[White "minnesotachessmaster"]
[Black "nurgyulsalimova"]
[Result "0-1"]
[WhiteElo "1932"]
[BlackElo "2523"]
[TimeControl "180+2"]
[EndTime "15:08:27 PDT"]
[Termination "nurgyulsalimova won on time"]

1. d4 Nf6 2. c4 e6 3. Nf3 d5 4. g3 Be7 5. Bg2 O-O 6. O-O dxc4 7. Ne5 Qd6 8. Nxc4 Qa6 9. b3 Rd8 10. e3 c5 11. Ba3 Nc6 12. Qc1 cxd4 13. Bxe7 Nxe7 14.
exd4 Nf5 15. d5 exd5 16. Ne3 Nd4 17. Qb2 Nc6 18. Rd1 Be6 19. Nd2 Rac8 20. Nf3 Ng4 21.
Nd4 Nxe3 22. fxe3 Ne5 23. Rd2 h5 24. Nxe6 Qxe6 25. Qd4 Nc6 26. Qf4 Rd7 27. Rf1 Rcd8 28. Qg5 d4 29. Qxh5 Qxe3+ 30. Rdf2 g6 31. Qh4 d3 32. Kh1 d2 33. Bf3 d1=Q 34. Bxd1 Rxd1 0-1

[Event "*** Titled Tuesday Blitz"]
[Site "Chess.com"]
[Date "2019.09.03"]
[Round "1"]
[White "SanchezKelvin"]
[Black "Gordima"]
[Result "0-1"]
[WhiteElo "2407"]
[BlackElo "2798"]
[TimeControl "180+2"]
[EndTime "15:08:28 PDT"]
[Termination "Gordima won by resignation"]

1. d4 Nf6 2. c4 g6 3. Nc3 Bg7 4. Nf3 d6 5. e4 O-O 6. Be2 Bg4 7. Be3 Nfd7 8. Qd2 c5 9. d5 a6 10. O-O b5 11. cxb5 axb5 12. Nxb5 Na6 13. a4 Nb4 14. Ra3 Nf6 15. Nc3 Qa5 16. Rd1 Rfb8 17. h3 Bxf3 18. Bxf3 Nd7 19. Be2 Qd8 20. Bb5 Ne5 21. f4 Nd7 22. Bf2 Na6 23. Ne2 Nc7 24.
Rb3 Nxb5 25. axb5 Qa5 26. Nc3 Qb6 27. Qe2 Ra5 28. Rb1 Rba8 29. Qc4 Qb7 30. g3 Nb6 31. Qe2 Ra1 32. Rxa1 Rxa1+ 33. Kg2 Qa8 34. Qf3 Qa5 35. Ne2 h5 36. h4 Nc4 37. Qd3 Nxb2 38. Qc2 Na4 39. e5 Nb6 40. e6 f5 41. g4 hxg4 42. h5 Qa8 43. Rd3 Nxd5 44. Kg3 Nf6 45. hxg6 Ne4+ 46.
Kh4 Rh1+ 0-1

[Event "*** Titled Tuesday Blitz"]
[Site "Chess.com"]
[Date "2019.09.03"]
[Round "1"]
[White "tbalabayev"]
[Black "JakubPulpan"]
[Result "0-1"]
[WhiteElo "2387"]
[BlackElo "2755"]
[TimeControl "180+2"]
[EndTime "15:08:32 PDT"]
[Termination "JakubPulpan won by resignation"]

1. Nf3 Nf6 2. g3 d5 3. Bg2 e6 4. O-O Be7 5. d3 O-O 6. Nbd2 Nc6 7. e4 dxe4 8. dxe4 e5 9. Re1 a5 10. a4 Be6 11. c3 Nd7 12. Qe2 Nc5 13. Rd1 Qe8 14.
Nc4 f6 15. Nfd2 Rd8 16. Ne3 Qf7 17. Nd5 Bd6 18. Nc4 Nb3 19. Rb1 Ne7 20. Nxd6 Rxd6 21. Nxc7 Bc4 22. Qe1 Bd3 23. Be3 Rfd8 24. Nd5 Bxb1 25.
Rxb1 Nxd5 26. exd5 Rxd5 27. Bxd5 Qxd5 28. Qe2 e4 29. Re1 g6 30. h4 f5 31. h5 Qd3 32. Qxd3 Rxd3 33. Kg2 Nd2 34. Rh1 Nf3 35. g4 Ne5 36. gxf5 gxf5 37. Bd4 Ng4 38. Re1 Rd2 39. b3 Rb2 40. b4 axb4 41. cxb4 Rxb4 42. Bc3 Rxa4 43. Rd1 Ra2 44. Bd4 e3 45. Kg3 exf2 46. Kf4 Nh2 47. Bxf2 Rxf2+ 48. Kg3 Rd2 49. h6 Rxd1 50.
Kg2 Rd6 0-1

[Event "*** Titled Tuesday Blitz"]
[Site "Chess.com"]
[Date "2019.09.03"]
[Round "1"]
[White "joshdaruca"]
[Black "JMatias"]
[Result "1-0"]
[WhiteElo "2736"]
[BlackElo "2383"]
[TimeControl "180+2"]
[EndTime "15:08:33 PDT"]
[Termination "joshdaruca won by resignation"]

1. Nf3 Nf6 2. g3 e6 3. Bg2 d5 4.
O-O Be7 5. c4 O-O 6. b3 c6 7.
Bb2 Nbd7 8. d4 b6 9. Ne5 Nxe5 10.
dxe5 Nd7 11. Nd2 Ba6 12. Rc1 Rc8 13. Re1 Bb4 14. a3 Bxd2 15. Qxd2 dxc4 16. bxc4 Nc5 17. Qc2 Qc7 18. Red1 Rfd8 19. h4 h6 20. Ba1 Nb7 21. Bf3 Na5 22. c5 Bc4 23. Rd6 Bd5 24. cxb6 axb6 25.
Bxd5 exd5 26. e4 Rxd6 27. exd6 Qxd6 28. exd5 Qxd5 29. Rd1 Qb3 30. Qe2 Qe6 31. Qb2 Qg4 32.
Rd4 Qg6 33. Qxb6 c5 34. Rd6 Qe4 35. Rd8+ Rxd8 36. Qxd8+ Kh7 37. Qxa5 Qb1+ 38. Kg2 Qxa1 39. Qxc5 Qb2 40. Qf5+ Kg8 41. Qc8+ Kh7 42. a4 Qb4 43.
Qf5+ Kg8 44. Qc8+ Kh7 45. Qa8 g5 46. hxg5 hxg5 47. a5 f5 48. a6 f4 49. Qb7+ 1-0

[Event "*** Titled Tuesday Blitz"]
[Site "Chess.com"]
[Date "2019.09.03"]
[Round "1"]
[White "DishonorOnYourCow"]
[Black "SONOFHOLYGOD"]
[Result "0-1"]
[WhiteElo "2196"]
[BlackElo "2584"]
[TimeControl "180+2"]
[EndTime "15:08:33 PDT"]
[Termination "SONOFHOLYGOD won by resignation"]

1. d4 f6 2. c4 c6 3. e4 d5 4.
cxd5 cxd5 5. exd5 Qa5+ 6. Nc3 Bd7 7.
Nf3 Na6 8. Bd2 Nh6 9. Bd3 Nb4 10. Be4 f5 11. Bb1 Nxd5 12. O-O Nf7 13. Qb3 Nxc3 14. bxc3 Qc7 15. Bd3 e6 16. Rfe1 Bd6 17. Bxf5 O-O 18. Bxe6 Bxe6 19. Qxe6 Kh8 20. c4 Rad8 21. c5 Bf4 22. Bxf4 Qxf4 23. Qe3 Qg4 24. Rad1 h6 25. h3 Qh5 26. Qe4 b6 27. c6 Nd6 28. Qg4 Qa5 29.
Ne5 Kg8 30. Qe6+ Kh7 31. Qg6+ Kg8 32. Nd7 Nf5 33. Nxf8 Rxf8 34. Qe6+ Kh8 35. Re5 Qa4 36. Qb3 Qxc6 37. Qf3 Qc8 38. Qe4 Nd6 39. Qd5 Qc2 40. Rf1 Nc4 41. Re7 Nd2 42. Qe5 Qg6 43. Re1 Nf3+ 44.
Kh1 Nxe5 45. R7xe5 Rxf2 46. Re8+ Kh7 0-1

[Event "*** Titled Tuesday Blitz"]
[Site "Chess.com"]
[Date "2019.09.03"]
[Round "1"]
[White "DarkAlekhine"]
[Black "iturrizaga"]
[Result "0-1"]
[WhiteElo "2499"]
[BlackElo "2934"]
[TimeControl "180+2"]
[EndTime "15:08:34 PDT"]
[Termination "iturrizaga won by resignation"]

1. Nf3 c5 2. c4 g6 3. Nc3 Bg7 4.
e3 Nf6 5. d4 cxd4 6. exd4 d5 7.
cxd5 Nxd5 8. Bc4 Nb6 9. Bb3 O-O 10. O-O Nc6 11. d5 Na5 12. Re1 Bg4 13. Bg5 Re8 14. h3 Bxf3 15. Qxf3 Nxb3 16. axb3 Qd6 17. Rad1 Qb4 18.
Ne4 Nxd5 19. Bd2 Qb5 20. Ng5 Nf6 21. Bc3 Qxg5 22. Re5 Qh6 23. g4 Nxg4 24. hxg4 Bxe5 25. Bxe5 Rad8 26. Ra1 Qg5 27. Qg3 h5 28. gxh5 Qxg3+ 29. Bxg3 gxh5 30. Rxa7 Rd7 31. Kg2 f6 32. b4 Kf7 33. b5 Rg8 34. Kf3 Rg5 35. b6 Rb5 36.
Bc7 Rxb2 37. Rxb7 Rdd2 38. Bg3 h4 39. Bxh4 Rd6 40. Bg3 Rdxb6 41. Ra7 Rb7 42. Ra6 R7b3+ 43. Kg4 e5 44. Kf5 Rxf2+ 45. Bxf2 Rf3+ 46. Ke4 Rxf2 47. Kd5 Rd2+ 48. Ke4 Rd4+ 49. Ke3 Kg6 50. Re6 Kf5 51. Re8 Rh4 52. Ra8 Rh3+ 53. Kf2 Kf4 54.
Ra4+ e4 55. Ra5 f5 56. Kf1 Rh2 57. Rb5 Ra2 58. Rc5 e3 59. Rb5 Ke4 60. Rb4+ Kf3 61. Rb1 Rg2 62. Re1 e2+ 63. Rxe2 Rxe2 0-1

[Event "*** Titled Tuesday Blitz"]
[Site "Chess.com"]
[Date "2019.09.03"]
[Round "1"]
[White "olksuna"]
[Black "ferdipy"]
[Result "1-0"]
[WhiteElo "2563"]
[BlackElo "2159"]
[TimeControl "180+2"]
[EndTime "15:08:37 PDT"]
[Termination "olksuna won by resignation"]

1. c4 e5 2. Nc3 Nc6 3. g3 g6 4.
Bg2 Bg7 5. d3 d6 6. Nf3 Nge7 7.
O-O O-O 8. Rb1 a5 9. a3 h6 10.
b4 axb4 11. axb4 Be6 12. b5 Nb8 13. e3 Qc8 14. Re1 Bh3 15. Bh1 c6 16. d4 Nd7 17.
Ne4 d5 18. Nd6 Qc7 19. c5 e4 20. bxc6 Qxc6 21. Nd2 b6 22. N6xe4 Bf5 23. g4 Bxe4 24. Nxe4 dxe4 25. Qc2 f5 26. Rd1 Nd5 27. Qb3 Kh7 28.
cxb6 N7xb6 29. Bd2 Qc4 30. Rdc1 Qxb3 31. Rxb3 Rfc8 32. Rxc8 Rxc8 33. gxf5 gxf5 34. f3 Nc4 35. Bc1 Nd6 36. Ba3 Nc4 37. fxe4 Ndxe3 38. e5 f4 39. Be4+ Kg8 40. Bc5 Bf8 41. Bxf8 Kxf8 42. Rb7 Nd2 43. Bd3 Rc3 44. Bg6 Rc1+ 45. Kf2 Rf1+ 46. Ke2 Rg1 47. Bh5 Ne4 48. e6 Nc3+ 49. Kd3 Ncd5 50. Rf7+ Kg8 51. e7 Nxe7 52. Rxe7 Rd1+ 53.
Bxd1 Nxd1 54. d5 Ne3 55. d6 1-0

[Event "*** Titled Tuesday Blitz"]
[Site "Chess.com"]
[Date "2019.09.03"]
[Round "1"]
[White "Niclox"]
[Black "Everyfishknows"]
[Result "1-0"]
[WhiteElo "2637"]
[BlackElo "2273"]
[TimeControl "180+2"]
[EndTime "15:08:39 PDT"]
[Termination "Niclox won by resignation"]

1. e4 e5 2. Qh5 Nc6 3. Bc4 g6 4. Qf3 Nf6 5. Ne2 Bg7 6. Nbc3 O-O 7. d3 h6 8. h3 d6 9. g4 Nh7 10.
a3 Be6 11. Be3 Bxc4 12. dxc4 Nd4 13. Bxd4 exd4 14. Nd5 Ng5 15. Qd3 Re8 16. f3 c6 17.
Ndf4 c5 18. h4 Ne6 19. Nd5 Nc7 20. Nxc7 Qxc7 21. h5 g5 22. Ng3 d5 23. Kf2 dxc4 24. Qxc4 b5 25. Qxb5 Rab8 26. Qa4 Red8 27. Rab1 d3 28.
cxd3 Rxd3 29. Ne2 Rbb3 30. Qe8+ Kh7 31. Rh3 Rd2 32. Ke1 Rc2 33. Qa4 Re3 34. Qxc2 1-0